 Dungeon Crawl Stone Soup version 0.28-a0-1613-gdaab1c2f9b (webtiles) character file.

Game seed: 17212750661996378134

25 croobank the Firebug (level 3, -2/21 HPs)
             Began as an Octopode Fire Elementalist on Jan 22, 2022.
             Was an Initiate of Ashenzari.
             Slain by a scorpion (10 damage)
             ... on level 2 of the Dungeon.
             The game lasted 00:04:12 (1302 turns).

croobank the Firebug (Octopode Fire Elementalist)   Turns: 1302, Time: 00:04:18

Health: -2/21      AC:  1    Str:  9    XL:     3   Next: 4%
Magic:  1/6        EV: 13    Int: 17    God:    Ashenzari [......]
Gold:   0          SH:  0    Dex: 12    Spells: 3/6 levels left

rFire   . . .      SeeInvis .   a - +0 short sword "At What Cost Knowledge?" {Cun, Melee} (curse)
rCold   . . .      Faith    .   (no shield)
rNeg    . . .      Spirit   .   (helmet restricted)
rPois   .          Reflect  .   (no amulet)
rElec   .          Harm     .   (no ring)
rCorr   .          Rampage  .   (no ring)
Will    .....                   (no ring)
Stlth   +++.......              (no ring)
HPRegen 0.07/turn               (no ring)
MPRegen 0.10/turn               (no ring)
                                (no ring)
                                (no ring)

@: lethally poisoned (-2 -> -18), very slightly contaminated
A: almost no armour, amphibious, 8 rings, camouflage 1, gelatinous body 1,
(nimble swimmer 1), tentacles
a: Renounce Religion, Shatter the Chains


You were on level 2 of the Dungeon.
You worshipped Ashenzari.
Ashenzari was noncommittal.
You visited 1 branch of the dungeon, and saw 2 of its levels.

Inventory:

Hand Weapons
 a - the cursed +0 short sword "At What Cost Knowledge?" (weapon) {Cun, Melee}
   (You took it off a kobold on level 1 of the Dungeon)

   It has a curse which improves the following skills: Cunning: Dodging and
   Stealth.
   Melee Combat: Short Blades, Long Blades, Axes, Maces & Flails, Polearms,
   Staves and Unarmed Combat.
Missiles
 b - 88 stones
Scrolls
 c - a scroll of holy word {unknown}
 e - a scroll of immolation
 f - a scroll of enchant armour {unknown}
Potions
 d - a potion of haste {unknown}
 g - 2 potions of degeneration {unknown}


   Skills:
 + Level 2.3(2.7) Dodging
 + Level 3.2(3.6) Stealth
 + Level 2.2 Spellcasting
 + Level 1.4 Conjurations
 + Level 3.2 Fire Magic


You had 3 spell levels left.
You knew the following spells:

 Your Spells              Type           Power      Damage    Failure   Level
a - Foxfire               Conj/Fire      36%        2x1d5     7%          1
b - Scorch                Fire           24%        2d6       8%          2

Your spell library contained the following spells:

 Spells                   Type           Power      Damage    Failure   Level
 Pain                     Necr           4%         1d4       19%         1
 Conjure Flame            Conj/Fire      9%         6-21      22%         3
 Inner Flame              Hex/Fire       7%         N/A       28%         3
 Flame Wave               Conj/Fire      9%         2d5       56%         4
 Agony                    Necr           1%         N/A       99%         5
 Excruciating Wounds      Necr           0%         N/A       99%         5


Dungeon Overview and Level Annotations

Branches:
Dungeon (2/15)

Altars:
Ashenzari

Shops:
D:1 !=[


Innate Abilities, Weirdness & Mutations

You cannot wear most types of armour.
You are amphibious.
You can wear up to eight rings at the same time.
Your skin changes colour to match your surroundings (Stealth+).
Your rubbery body absorbs attacks. (AC +1, EV +1)
((You are camouflaged when in or above water. (Stealth+)))
You have tentacles for arms and can constrict up to eight enemies at once.


Message History

You kill the giant cockroach!
You have reached level 3!
Your experience leads to an increase in your attributes!
Increase (S)trength, (I)ntelligence, or (D)exterity?
You feel stronger. x2
g - 2 blue potions Magic restored.
A kobold comes into view. It is wielding a +0 dagger.
Found a stone staircase leading up.
The kobold shouts!
The kobold throws a stone.
The stone misses you.
A scorpion comes into view.
The kobold throws a stone.
The stone hits you.
Found a scroll labelled YDAEMU REETTEZ.
The kobold throws a stone.
The stone hits you.
Casting: Foxfire (safe; 8% risk of failure)
Confirm with . or Enter, or press ? or * to list all spells.
You conjure some foxfire!
The foxfire hits the scorpion but does no damage.
The foxfire hits the kobold.
You kill the kobold!
Casting: Foxfire (safe; 7% risk of failure)
Confirm with . or Enter, or press ? or * to list all spells.
Flames lash the scorpion but do no damage.
Casting: Scorch (safe; 8% risk of failure)
Confirm with . or Enter, or press ? or * to list all spells.
You miscast Scorch.
You are very lightly contaminated with residual magic.
Nothing appears to happen.
The scorpion stings you!
You hit the scorpion. You grab the scorpion.
The scorpion is moderately wounded.
You constrict the scorpion, but do no damage.
The scorpion stings you but does no damage.
You hit the scorpion. You squeeze the scorpion.
The scorpion is moderately wounded.
You constrict the scorpion, but do no damage.
The scorpion stings you.
You are lethally poisoned!
The scorpion poisons you! The scorpion stings you!
You die...

....##.# #......#.......
....##.###......#........
.........#......#........
.........#......#........
.[......................
..#.##.##.......#........
.......##...........##...
.......##................
.......#########@s..#...
..#.#... .?........)....#
..#.###########......<..#
..#....... #.........#
..#>...... ..#........
.......... ##.##.......
#...#..## .. .......
#...# ##### ... .......
#.⌠.# #...#


You could see a scorpion.

Vanquished Creatures
  3 ball pythons (D:1)
  3 endoplasms (D:1)
  5 giant cockroaches
  3 goblins (D:1)
  A hobgoblin (D:2)
  3 bats (D:1)
  A frilled lizard (D:1)
  4 kobolds
23 creatures vanquished.

Vanquished Creatures (others)
  18 foxfires
18 creatures vanquished.

Grand Total: 41 creatures vanquished

Notes
Turn   | Place    | Note
-------+----------+-------------------------------------------
     0 | D:1      | croobank the Octopode Fire Elementalist began the quest for
                  | the Orb.
     0 | D:1      | Reached XP level 1. HP: 11/11 MP: 3/3
   246 | D:1      | Found Archit's Jewellery Emporium.
   439 | D:1      | Found Cyinithror's Distillery.
   443 | D:1      | Reached XP level 2. HP: 15/17 MP: 3/5
   502 | D:1      | Found Minnatin's Armour Emporium.
   554 | D:1      | Found a faded altar of an unknown god.
   649 | D:1      | Prayed at the altar of an unknown god.
   649 | D:1      | Became a worshipper of Ashenzari the Shackled
  1132 | D:1      | Learned a level 2 spell: Scorch
  1246 | D:2      | Reached XP level 3. HP: 21/21 MP: 4/6
  1295 | D:2      | Noticed a scorpion
  1302 | D:2      | Slain by a scorpion

Illustrated notes

Levels and vault maps discovered:
D:1:      wander_arrival_desolate, layout_basic, serial_shops,
          nicolae_shop_behind_doors, shop, nicolae_shop_statue_plus,
          hellmonk_ecumenical_altar_blasted
D:2:      layout_basic, serial_bayou_pond_a, nicolae_elevator_lobby_asterisk

Skill      XL: |  1  2 |
---------------+-------+-----
Stealth        | 3 |  3.2
Dodging        | |  2.3
Spellcasting   | |  2.2
Conjurations   | |  1.4
Fire Magic     | |  3.2

Action                   || total
-------------------------++-------
Melee: Short sword       ||    38
       Unarmed           ||     4
       Tentacles         ||     5
       Constrict         ||     8
 Cast: Foxfire           ||    14
       Scorch            ||     1
Invok: Curse Item        ||     1
 Stab: Sleeping          ||     1
Armor: Skin              ||     5
Dodge: Dodged            ||    36

Table legend: (Time is in decaauts)
 A = Elapsed time spent in this place.
 B = Non-inter-level travel time spent in this place.
 C = Inter-level travel time spent in this place.
 D = Time resting spent in this place.
 E = Time spent auto-exploring this place.
 F = Levels seen in this place.
 G = Mean time per level.
                   A        B        C        D        E       F      G
               +--------+--------+--------+--------+--------+-----+--------+
         Total |   1304 |   1265 |     39 |     77 |    964 |   2 |  652.0 |
       Dungeon |   1304 |   1265 |     39 |     77 |    964 |   2 |  652.0 |
               +--------+--------+--------+--------+--------+-----+--------+

Top non-repeatable levels by time:
     D:1: 1196 daAuts
     D:2: 108 daAuts
